 Dungeon Crawl Stone Soup version 0.31.0-12-g77e489cdc1 (webtiles) character file.

Game seed: 18037932810834224804

1437 RancidPinata the Covert (level 8, -1/58 HPs)
             Began as an Octopode Delver on Feb 13, 2024.
             Slain by a sky beast (5 damage)
             ... on level 6 of the Dungeon.
             The game lasted 00:30:46 (7398 turns).

RancidPinata the Covert (Octopode Delver)           Turns: 7398, Time: 00:30:47

Health: -1/58      AC:  1    Str: 11    XL:     8   Next: 74%
Magic:  8/8        EV: 15    Int: 13    God:
Gold:   282        SH:  6    Dex: 15    Spells: 7/7 levels left

rFire   . . .        y - +3 dagger
rCold   . . .        D - +2 buckler
rNeg    . . .        (helmet restricted)
rPois   .            F - amulet of the acrobat
rElec   .            (no ring)
rCorr   .            (no ring)
SInv    .            (no ring)
Will    .....        (no ring)
Stlth   +++++        (no ring)
HPRegen 0.29/turn    (no ring)
MPRegen 0.11/turn    (no ring)
                     (no ring)

%: acrobat
@: no status effects
A: almost no armour, amphibious, 8 rings, camouflage 1, gelatinous body 1,
(nimble swimmer 1), tentacles
a: no special abilities


You were on level 6 of the Dungeon.
You visited 1 branch of the dungeon, and saw 7 of its levels.
You also visited: Ossuary.

You collected 330 gold pieces.
You spent 48 gold pieces at shops.

Inventory:

Hand Weapons
 q - a +0 rapier
 y - a +3 dagger (weapon)
 C - a +2 dagger of venom
Missiles
 g - 17 poisoned darts (quivered)
 h - 44 stones
 M - 4 boomerangs
Armour
 D - a +2 buckler (worn)
Jewellery
 E - a ring of ice
 F - an amulet of the acrobat (around mantle)
 K - a ring of protection from cold
Talismans
 o - a flux talisman
 G - a talisman of death
 H - a beast talisman
Wands
 f - a wand of digging (8)
 L - a wand of iceblast (11)
Scrolls
 b - 2 scrolls of fog
 c - a scroll of torment {unknown}
 d - 2 scrolls of fear
 i - 2 scrolls of brand weapon {unknown}
 k - a scroll of enchant weapon {unknown}
 p - a scroll of silence {unknown}
 s - 3 scrolls of immolation
 t - 5 scrolls of teleportation
 u - 2 scrolls of blinking {unknown}
 v - a scroll of identify
 w - 3 scrolls of noise
 I - a scroll of vulnerability {unknown}
Potions
 a - 2 potions of cancellation
 e - a potion of haste
 j - 3 potions of enlightenment
 l - a potion of curing
 m - 3 potions of magic
 n - 3 potions of degeneration
 r - a potion of mutation {unknown}
 x - 3 potions of brilliance
 z - a potion of berserk rage {unknown}
 A - a potion of heal wounds {unknown}
 B - 2 potions of lignification
 J - 3 potions of resistance


   Skills:
 * Level 6.5 Fighting
 + Level 4.4 Short Blades
 * Level 6.0 Dodging
 - Level 9.2 Stealth
 + Level 2.1 Shields


You had 7 spell levels left.
You didn't know any spells.
Your spell library contained the following spells:

 Spells                   Type           Power      Damage    Failure   Level
 Cigotuvi's Dreadful Rot  Necr/Alch/Air  0%         N/A       54%         2
 Hailstorm                Conj/Ice       0%         3d5       78%         3
 Summon Ice Beast         Ice/Summ       0%         N/A       78%         3
 Volatile Blastmotes      Fire/Tloc      0%         2d10      78%         3
 Fulminant Prism          Conj/Alch      0%         3d5       99%         4
 Ignite Poison            Fire/Alch      0%         N/A       99%         4
 Iskenderun's Mystic Bla  Conj/Tloc      0%         2d3       99%         4
 Vhi's Electric Charge    Tloc/Air       0%         N/A       99%         4
 Arcjolt                  Conj/Air       0%         1d10      100%        5
 Freezing Cloud           Conj/Ice/Air   0%         6-21      100%        5
 Plasma Beam              Fire/Air       0%         2x1d10    100%        6
 Sculpt Simulacrum        Ice/Alch       0%         N/A       100%        6


Dungeon Overview and Level Annotations

Branches:
Dungeon (7/15)            Ossuary (visited)
 Temple: D:4-7

Altars:
Makhleb
Qazlal

Shops:
D:5 :[=?:

Annotations:
D:5 2 runed translucent doors, TheBioAlchemist's ghost, novice OnWr


Innate Abilities, Weirdness & Mutations

You cannot wear most types of armour.
You are amphibious.
You can wear up to eight rings at the same time.
Your skin changes colour to match your surroundings (Stealth+).
Your rubbery body absorbs attacks. (AC +1, EV +1)
((You are camouflaged when in or above water. (Stealth+)))
You have tentacles for arms and can constrict up to eight enemies at once.


Message History

You hit something but do no damage. Something hits you. Something shocks you.
You miss something. You block something's attack.
You hit something. You barely miss something. Your squeeze misses something.
Something hits you. Something shocks you.
You closely miss something. Something hits you. Something shocks you.
You hit something. You squeeze something!
Something hits you but does no damage.
You hit something. You squeeze something. Something hits you.
Something shocks you.
You hit something. You closely miss something. Something hits you.
Something shocks you.
* * * LOW HITPOINT WARNING * * *
You hit something. Your squeeze misses something. Something hits you.
* * * LOW HITPOINT WARNING * * *
Something shocks you.
* * * LOW HITPOINT WARNING * * *
You feel better. Something barely misses you.
You hit something but do no damage.
A sky beast appears from thin air!
Reactivating autopickup.
The sky beast closely misses you.
You hit the sky beast.
The sky beast is almost dead.
The sky beast misses you.
You completely miss the sky beast.
The sky beast is almost dead.
The sky beast flickers out of sight!
Deactivating autopickup; reactivate with Ctrl-A.
Something hits you.
* * * LOW HITPOINT WARNING * * *
Something shocks you.
* * * LOW HITPOINT WARNING * * *
You miss something. Something hits you.
* * * LOW HITPOINT WARNING * * *
Something shocks you.
* * * LOW HITPOINT WARNING * * *
You feel better. Something hits you.
* * * LOW HITPOINT WARNING * * *
Something shocks you.
You die...

#.# #.##.#
#........#
#.# #.##.#
#.....##<#
#.# #.##.#
#.....##.#
..# #.##.#
########.#
### ......
#.# .[##.#
#.# #.# # #.#
#.###.#######
#.#
#.......{@..#
#.#
#####.#####.#
# ##.##
##...##
##.....####.#
#...........#
#..^....#####
#.......#
#......##


There were no monsters in sight!

Vanquished Creatures
  A water moccasin (D:5)
  A black bear (D:4)
  A phantom (D:5)
  9 scorpions
  A hound (D:5)
  A jelly (D:5)
  A human zombie (Ossuary)
  An orc priest (D:5)
  2 iguanas
  An orc wizard (D:4)
  6 scorpion zombies (Ossuary)
  3 mummies (Ossuary)
  Robin (D:4)
  8 gnolls (D:5)
  5 adders
  3 adder zombies (Ossuary)
  2 dart slugs
  2 ribbon worms
  9 orcs
  8 ball pythons
  11 endoplasms
  5 giant cockroaches
  2 gnoll zombies (Ossuary)
  13 goblins
  9 hobgoblins
  5 jackals (D:5)
  8 kobolds
  A quokka (D:5)
  2 ball python zombies (Ossuary)
  4 bats
  A frilled lizard (D:1)
  4 jackal zombies (Ossuary)
  2 orc zombies (Ossuary)
  4 rats
137 creatures vanquished.

Notes
Turn   | Place    | Note
-------+----------+-------------------------------------------
     0 | D:5      | RancidPinata the Octopode Delver began the quest for the
                  | Orb.
     0 | D:5      | Reached XP level 1. HP: 16/16 MP: 1/1
    65 | D:7      | Noticed an ice beast
    79 | D:6      | Reached XP level 2. HP: 16/21 MP: 2/2
    82 | D:6      | Noticed a sky beast
   196 | D:5      | Found a runed translucent door.
   231 | D:6      | Identified the +2 leather armour "Biames" {rC+ Str-4
                  | Slay+3}
   324 | D:5      | Noticed a water moccasin
   432 | D:4      | Reached XP level 3. HP: 22/26 MP: 3/3
   481 | D:4      | Reached skill level 7 in Stealth
   486 | D:4      | Noticed a black bear
   492 | D:4      | Found a sand-covered staircase.
   498 | Ossuary  | Entered an ossuary
   541 | Ossuary  | Noticed a scorpion
   795 | Ossuary  | Killed a scorpion
   796 | Ossuary  | Reached XP level 4. HP: 33/33 MP: 4/4
   834 | Ossuary  | Noticed a scorpion
   931 | Ossuary  | Reached XP level 5. HP: 28/37 MP: 5/5
  1070 | Ossuary  | Reached skill level 8 in Stealth
  1070 | Ossuary  | Reached XP level 6. HP: 19/44 MP: 6/6
  1448 | Ossuary  | Reached XP level 7. HP: 26/49 MP: 7/7
  1713 | Ossuary  | Reached skill level 5 in Fighting
  2013 | Ossuary  | Reached skill level 9 in Stealth
  2536 | D:4      | Found a stormy altar of Qazlal.
  3546 | D:2      | Found a burning altar of Makhleb.
  4528 | D:1      | Found a faded altar of an unknown god.
  5541 | D:4      | Noticed Robin
  5561 | D:4      | Reached skill level 5 in Dodging
  5561 | D:4      | Reached XP level 8. HP: 17/56 MP: 8/8
  5728 | D:4      | Killed Robin
  6187 | D:4      | Reached skill level 1 in Shields
  6599 | D:5      | Noticed TheBioAlchemist's ghost (novice OnWr)
  6823 | D:5      | Found Wuxoh's Book Emporium.
  6896 | D:5      | Found a runed translucent door.
  6904 | D:5      | Found Jubu's Antique Armour Shop.
  6907 | D:5      | Found Junuytasef's Book Shop.
  6912 | D:5      | Found Juvayfos's Magic Scroll Shop.
  6917 | D:5      | Found Kiaciull's Jewellery Shop.
  7020 | D:5      | Bought a scroll of identify for 24 gold pieces
  7020 | D:5      | Bought a scroll of identify for 24 gold pieces
  7397 | D:6      | HP: 1/58 [something (5)]
  7398 | D:6      | Slain by a sky beast

Illustrated notes

Levels and vault maps discovered:
D:1:      lemuel_arrival_cross, layout_loops_cross,
          hellmonk_ecumenical_altar_blasted
D:2:      layout_loops_corners, basic_altar, st_stairs_10
D:3:      layout_rooms
D:4:      layout_gridville, overflow_temple_1_default, enter_ossuary_2,
          minmay_misc_feat_diagonals, uniq_robin
D:5:      layout_loops_ring, serial_shops, shop, ebering_ghost_sewer_f,
          minmay_shop_grid_forest
D:6:      layout_loops_ring
D:7:      layout_rooms, minmay_temple_entry_gardened_gates, st_stairs_5,
          chequers_serial_rivers_room_a

Skill      XL: |  1  2  3  4  5  6  7  8 |
---------------+-------------------------+-----
Stealth        | 7 8 9 |  9.2
Dodging        | 3 4 5 6 |  6.0
Fighting       | 4 5 6 |  6.5
Short Blades   | 3 4 |  4.4
Shields        | 2 |  2.1

Action                     |  1- 3 |  4- 6 |  7- 9 || total
---------------------------+-------+-------+-------++-------
  Melee: Short sword       |    10 |       |       ||    10
         Constrict         |     5 |    13 |    45 ||    63
         Tentacles         |     2 |    17 |    58 ||    77
         Rapier            |     9 |    58 |    84 ||   151
         Dagger            |       |       |   187 ||   187
         Punch             |       |       |     8 ||     8
    Use: Scroll            |     1 |       |    11 ||    12
         Potion            |       |       |     2 ||     2
   Stab: Sleeping          |     5 |     4 |    35 ||    44
         Distracted        |       |       |     3 ||     3
 Armour: Skin              |    10 |    30 |    94 ||   134
  Dodge: Dodged            |     8 |    29 |   112 ||   149
  Block: Buckler           |       |       |    44 ||    44
